 Dungeon Crawl Stone Soup version 0.22.1-1-ga44c0e5 (webtiles) character file.

4105 Chamehoe the Cruncher (level 10, -4/86 HPs)
             Began as a Minotaur Fighter on Oct 31, 2018.
             Was an Initiate of Gozag.
             Slain by a two-headed ogre
             ... wielding a +0 giant club
              (21 damage)
             ... on level 8 of the Dungeon.
             The game lasted 00:42:31 (7733 turns).

Chamehoe the Cruncher (Minotaur Fighter)            Turns: 7733, Time: 00:42:33

Health: -4/86      AC: 10    Str: 22    XL:     10   Next: 6%
Magic:  0/9        EV: 10    Int:  5    God:    Gozag
Gold:   1366       SH:  0    Dex: 19    Spells: 9/9 levels left

rFire    . . .     SeeInvis .   x - +5 war axe (venom)
rCold    . . .     Gourm    .   (no shield)
rNeg     + . .     Faith    .   b - +0 scale mail
rPois    .         Spirit   +   (helmet restricted)
rElec    .         Reflect  .   (no cloak)
rCorr    .         Harm     .   (no gloves)
MR       .....                  (no boots)
Stlth    ..........             t - amulet of guardian spirit
HPRegen  0.24/turn              e - ring of positive energy
MPRegen  0.11/turn              s - +3 ring of dexterity

@: no status effects
A: retaliatory headbutt, horns 2, yellow scales 1, agile 2, wild magic 1
a: Potion Petition, Call Merchant, Bribe Branch, Renounce Religion


You were on level 8 of the Dungeon.
You worshipped Gozag.
Gozag was most pleased with you.
You were hungry.

You visited 1 branch of the dungeon, and saw 8 of its levels.

You collected 1389 gold pieces.
You paid 23 gold pieces to Gozag.

Inventory:

Hand Weapons
 a - a +1 war axe
 o - a +4 quarterstaff of chaos
 v - a +2 flail of crushing
 x - a +5 war axe of venom (weapon)
Missiles
 z - 8 needles of frenzy
Armour
 b - a +0 scale mail (worn)
 c - a +0 shield
Jewellery
 e - a ring of positive energy (left hand)
 i - an uncursed ring of protection from cold
 r - an uncursed ring of wizardry
 s - a +3 ring of dexterity (right hand)
 t - an amulet of guardian spirit (around neck)
Wands
 g - a wand of disintegration (23)
 m - a wand of random effects (26)
 p - a wand of paralysis (20)
 C - a wand of digging (7)
Scrolls
 h - a scroll of noise
 j - 4 scrolls of teleportation
 k - 5 scrolls of remove curse
 u - a scroll of enchant weapon
 w - 2 scrolls of identify
 y - a scroll of fear {unknown}
 B - a scroll of enchant armour {unknown}
Potions
 d - 3 potions of might
 l - a potion of heal wounds
 n - a potion of degeneration
 q - 4 potions of flight
 A - a potion of curing
Comestibles
 f - 7 rations


   Skills:
 + Level 7.3 Fighting
 * Level 8.9 Axes
 - Level 10.2 Staves
 + Level 9.3 Armour
 - Level 0.2 Dodging
 - Level 4.4 Shields
 + Level 0.6 Evocations


You had 9 spell levels left.
You didn't know any spells.
Your spell library contained the following spells:

 Spells                   Type           Power        Failure   Level  Hunger
 Sandblast                Erth           #.....       82%         1    ##.....
 Passwall                 Tmut/Erth      #.......     91%         2    ###....
 Stone Arrow              Conj/Erth      #.....       99%         3    ####...
 Petrify                  Tmut/Erth      #.......     100%        4    #####..
 Lee's Rapid Deconstruct  Erth           #.........   100%        5    ######.


Dungeon Overview and Level Annotations

Branches:
Dungeon (8/15)             Temple (0/1) D:4            Lair (0/6) D:8

Altars:
Fedhas
Gozag
Makhleb
Okawaru
Qazlal
Ru
Xom
Yredelemnul
Zin

Shops:
D:6 (

Annotations:
D:6 weapon shop
D:7 acid dragon's gold stash and a ghost?, listentometal's ghost, novice OpFE


Innate Abilities, Weirdness & Mutations

You reflexively headbutt those who attack you in melee.
You have a pair of horns on your head.
You are partially covered in yellow scales. (AC +2)
You are very agile. (Dex +4)
Your spells are a little harder to cast, but a little more powerful.


Message History

A two-headed ogre comes into view.
It is wielding a giant club and a giant The two-headed ogre shouts in stereo!
There is an open door here.
You hit the two-headed ogre. You headbutt the two-headed ogre.
The two-headed ogre is lightly wounded.
The two-headed ogre hits you with a giant club!!
The two-headed ogre hits you with a giant spiked club.
You slice the two-headed ogre!!
The two-headed ogre is heavily wounded.
The two-headed ogre closely misses you.
The two-headed ogre hits you with a giant spiked club!
You barely miss the two-headed ogre.
The two-headed ogre is heavily wounded.
Your scale mail prevents you from hitting the two-headed ogre.
The two-headed ogre is heavily wounded.
The two-headed ogre hits you with a giant club!
* * * LOW HITPOINT WARNING * * *
The two-headed ogre hits you with a giant spiked club!!
You die...
Your body crumbles into a pile of gold.

$ ..%.. ..........P..
..... .......P....
.....####P.....PP.P
................♣..
.........P......P..
.........PPP......♣
............PP.P.♣.
########.♣..P..>....
#$O@.'......♣♣...P..
#....#..♣PP.P...P...
........#.....♣P..P....
..........#..P........♣.
#..###....####..........
#. ####.# ##....P..P. .
### #..P..P...
######.........
#.......#####..


You could see a two-headed ogre.

Vanquished Creatures
  A hippogriff (D:8)
  5 yaks (D:8)
  4 porcupines (D:8)
  An ice beast (D:7)
  2 orc warriors (D:7)
  A black bear (D:6)
  4 ogres
  2 sky beasts
  3 phantoms
  4 centaurs
  3 crocodiles (D:8)
  A bullfrog (D:7)
  A water moccasin zombie (D:5)
  2 scorpions
  A howler monkey (D:4)
  A quasit (D:6)
  A jelly (D:5)
  2 orc priests
  A hound (D:8)
  4 orc wizards
  Crazy Yiuf (D:2)
  3 iguanas
  6 worker ants
  A killer bee zombie (D:6)
  2 hound skeletons
  Robin (D:4)
  3 gnolls (D:5)
  8 adders
  3 shadow imps
  An ooze (D:5)
  An adder skeleton (D:4)
  An adder zombie (D:5)
  3 worms
  4 leopard geckos
  34 orcs
  A ball python (D:6)
  8 giant cockroaches
  19 goblins
  11 hobgoblins
  11 jackals
  3 quokkas
  4 bats (D:2)
  A frilled lizard (D:3)
  10 kobolds
  9 rats
193 creatures vanquished.

Vanquished Creatures (others)
  A fungus (D:8)
1 creature vanquished.

Grand Total: 194 creatures vanquished

Notes
Turn   | Place    | Note
-------+----------+-------------------------------------------
     0 | D:1      | Chamehoe the Minotaur Fighter began the quest for the Orb.
     0 | D:1      | Reached XP level 1. HP: 19/19 MP: 0/0
   319 | D:1      | Reached XP level 2. HP: 27/27 MP: 1/1
  1100 | D:2      | Reached XP level 3. HP: 33/33 MP: 2/2
  1452 | D:2      | Found a shimmering altar of Xom.
  1458 | D:2      | Found a basalt altar of Yredelemnul.
  1463 | D:2      | Found a glowing silver altar of Zin.
  1621 | D:2      | Found a runed door.
  1625 | D:2      | Noticed Crazy Yiuf
  1630 | D:2      | Killed Crazy Yiuf
  1630 | D:2      | Reached XP level 4. HP: 31/41 MP: 3/3
  1805 | D:3      | Found an opulent altar of Gozag.
  1810 | D:3      | Found a burning altar of Makhleb.
  1816 | D:3      | Reached skill level 1 in Staves
  1948 | D:3      | Reached XP level 5. HP: 39/47 MP: 4/4
  2401 | D:3      | Became a worshipper of Gozag Ym Sagoz the Greedy
  2426 | D:4      | Reached skill level 2 in Staves
  2450 | D:4      | Reached skill level 5 in Armour
  2672 | D:4      | Noticed a phantom
  2673 | D:4      | Found a staircase to the Ecumenical Temple.
  2691 | D:4      | Killed a phantom
  2691 | D:4      | Reached skill level 3 in Staves
  2691 | D:4      | Reached XP level 6. HP: 28/53 MP: 5/5
  2731 | D:4      | Found a blossoming altar of Fedhas.
  2829 | D:4      | Found a stormy altar of Qazlal.
  2937 | D:4      | Noticed Robin
  2956 | D:4      | Killed Robin
  3132 | D:4      | Reached skill level 4 in Staves
  3234 | D:5      | Entered Level 5 of the Dungeon
  3298 | D:5      | Gained mutation: You are agile. (Dex +2) [potion of
                  | mutation]
  3298 | D:5      | Gained mutation: You are partially covered in yellow
                  | scales. (AC +2) [potion of mutation]
  3298 | D:5      | Gained mutation: Your spells are a little harder to cast,
                  | but a little more powerful. [potion of mutation]
  3298 | D:5      | Gained mutation: You are very agile. (Dex +4) [potion of
                  | mutation]
  3492 | D:5      | Reached skill level 5 in Staves
  3718 | D:5      | Found an iron altar of Okawaru.
  3723 | D:5      | Reached XP level 7. HP: 59/60 MP: 6/6
  3809 | D:5      | Reached skill level 6 in Staves
  3848 | D:5      | Reached skill level 5 in Fighting
  4074 | D:5      | Reached skill level 7 in Staves
  4584 | D:6      | Reached XP level 8. HP: 59/68 MP: 7/7
  4595 | D:6      | Reached skill level 8 in Staves
  5158 | D:6      | Reached skill level 9 in Staves
  5360 | D:6      | Found Houfish's Antique Weapon Shoppe.
  5854 | D:7      | Found a runed gate.
  5854 | D:7      | Found a runed gate.
  5854 | D:7      | Found a runed gate.
  5857 | D:7      | Noticed listentometal's ghost (novice OpFE)
  5866 | D:7      | Found an opulent altar of Gozag.
  5893 | D:7      | Found a sacrificial altar of Ru.
  5991 | D:7      | Reached skill level 10 in Staves
  6123 | D:7      | Identified a scroll of acquirement
  6471 | D:7      | Reached XP level 9. HP: 64/77 MP: 5/8
  6969 | D:7      | Reached skill level 5 in Axes
  7362 | D:8      | Found a shimmering altar of Xom.
  7362 | D:8      | Found a shimmering altar of Xom.
  7362 | D:8      | Found a shimmering altar of Xom.
  7362 | D:8      | Found a shimmering altar of Xom.
  7362 | D:8      | Found a shimmering altar of Xom.
  7362 | D:8      | Found a shimmering altar of Xom.
  7362 | D:8      | Found a shimmering altar of Xom.
  7362 | D:8      | Found a shimmering altar of Xom.
  7371 | D:8      | Found a shimmering altar of Xom.
  7592 | D:8      | Found a staircase to the Lair.
  7636 | D:8      | Reached XP level 10. HP: 49/86 MP: 5/9
  7726 | D:8      | Noticed a two-headed ogre
  7733 | D:8      | Slain by a two-headed ogre

Skill      XL: |  1  2  3  4  5  6  7  8  9 |
---------------+----------------------------+-----
Fighting       | 4 5 6 7 |  7.3
Armour         | 4 5 6 7 9 |  9.3
Shields        | 4 |  4.4
Axes           | 3 4 8 |  8.9
Staves         | 1 3 5 7 10 | 10.2
Dodging        | |  0.2
Evocations     | |  0.6

Action                   |  1- 3 |  4- 6 |  7- 9 | 10-12 || total
-------------------------+-------+-------+-------+-------++-------
Melee: War axe           |    73 |       |    68 |    10 ||   151
       Headbutt          |    18 |    20 |    48 |     1 ||    87
       Quarterstaff      |       |   134 |   133 |       ||   267
Evoke: Wand              |       |     1 |     3 |       ||     4
  Use: Scroll            |     4 |     4 |     5 |       ||    13
       Potion            |     3 |     1 |       |       ||     4
 Stab: Confused          |       |       |     1 |       ||     1
       Petrifying        |       |       |     1 |       ||     1
       Paralysed         |       |       |     1 |       ||     1
       Distracted        |       |       |       |     1 ||     1
  Eat: Chunk             |     2 |     2 |       |       ||     4
       Ration            |       |     1 |     4 |       ||     5
Armor: Scale mail        |    12 |    60 |    88 |       ||   160
       Ring mail         |     9 |       |       |       ||     9
Dodge: Dodged            |    24 |    58 |    79 |     2 ||   163
Block: Shield            |    38 |       |       |       ||    38
